AoeStats
← 牛油果

Nomad

509626408Analyzed
3v3 RM · 5d ago on Sep 27, 2026· 42m 47s· 6 players
Game mode
Random Map
Map size
210×210
Population
200
Speed
Normal
Resources
Standard
Victory
Conquest
Starting age
Dark Age
Ending age
Imperial Age
RankedLock teamsTeams togetherTeam positionsShared explorationLock speedFull tech treeHidden civsTurbo modeCheats
Victory
Defeat
🇭🇰 Goths · Hong Kong SAR China
1600
+13
🇭🇰 Malians · Hong Kong SAR China
1552
+15
🇭🇰 Italians · Hong Kong SAR China
1515
+16
🇬🇧 Varangians · United Kingdom
1553
-15
🇳🇴 Italians · Norway
1533
-15
🇳🇴 Huns · Norway
1501
-14
Patman
4:24 Loom
13:57 Feudal Age
16:35 Fletching
22:50 Castle Age
23:55 Medium Warships
24:52 Bodkin Arrow
27:48 Fishing Lines
31:12 Double-Bit Axe
32:22 Ballistics
36:12 Bow Saw
39:25 Imperial Age
38:19 Masonry
40:12 Bracer
40:09 Gillnets
41:21 Chemistry
40:53 Architecture
JoshDomestique
4:59 Loom
14:19 Feudal Age
18:20 Castle Age
16:25 Gold Mining
17:48 Double-Bit Axe
18:02 Arson
18:35 Fishing Lines
19:07 Scale Mail Armor
19:24 Bow Saw
19:47 Squires
20:14 Chain Mail Armor
20:09 Gambesons
28:40 Gillnets
33:42 Horse Collar
38:25 Imperial Age
35:48 Stone Mining
37:14 Stone Shaft Mining
36:40 Heavy Plow
37:36 Wheelbarrow
37:52 Forging
39:15 Iron Casting
39:02 Elite Varangian Guard
sahrmed
9:55 Loom
12:38 Feudal Age
18:52 Castle Age
17:46 Fletching
23:07 Bodkin Arrow
27:33 Ballistics
36:44 Bloodlines
36:15 Crossbowman
37:13 Thumb Ring
38:16 Fishing Lines
39:54 Medium Warships
39:37 Gillnets
39:40 Elite Skirmisher
41:41 Husbandry
牛油果
8:14 Loom
16:17 Feudal Age
16:21 Man-at-Arms
19:46 Castle Age
18:24 Double-Bit Axe
18:20 Fishing Lines
20:49 Bow Saw
20:30 Gillnets
21:55 Fletching
21:37 Long Swordsman
22:33 Squires
23:02 Horse Collar
23:37 Scale Mail Armor
32:49 Wheelbarrow
33:21 Town Watch
34:16 Hand Cart
35:07 Chain Mail Armor
36:07 Heavy Plow
36:41 Forging
38:46 Gold Mining
38:47 Stone Mining
43:05 Imperial Age
41:44 Stone Shaft Mining
41:45 Iron Casting
馬仔
3:11 Loom
15:19 Feudal Age
16:01 Fishing Lines
16:30 Double-Bit Axe
19:36 Castle Age
18:03 Forging
18:55 Gold Mining
19:00 Stone Mining
19:50 Wheelbarrow
20:06 Fletching
21:07 Medium Warships
24:02 Padded Archer Armor
24:55 Bow Saw
28:31 Ballistics
30:01 Leather Archer Armor
36:33 Imperial Age
36:00 Bodkin Arrow
36:30 Hand Cart
38:24 Chemistry
37:54 Conscription
40:32 Bracer
40:57 Town Watch
42:33 Redemption
羅敏莊
4:35 Loom
14:54 Feudal Age
19:05 Castle Age
18:28 Stone Mining
18:21 Horse Collar
18:51 Double-Bit Axe
20:03 Bow Saw
21:16 Gold Mining
27:00 Wheelbarrow
31:04 Heavy Plow
32:29 Ballistics
35:59 Imperial Age
34:47 Gold Shaft Mining
34:26 Town Watch
35:20 Scale Barding Armor
35:25 Forging
36:12 Bloodlines
36:03 Husbandry
36:50 Chain Barding Armor
36:03 Cavalier
37:05 Conscription
37:27 Iron Casting
37:10 Farimba
38:48 Plate Barding Armor
Connection lost

Rejoining the realm…

Still unreachable

The connection could not be restored.

Session expired

The server has moved on; the page needs a fresh start.